 Dungeon Crawl Stone Soup version 0.20.1-1-g8b1a95d (webtiles) character file.

86 Blomdor the Skirmisher (level 4, -1/37 HPs)
             Began as a Barachi Earth Elementalist on Sept 26, 2017.
             Slain by an orc (4 damage)
             ... on level 2 of the Dungeon.
             The game lasted 00:05:59 (2086 turns).

Blomdor the Skirmisher (Barachi Earth Elementalist) Turns: 2086, Time: 00:06:00

Health: -1/37      AC:  2    Str:  8 (10) XL:     4   Next: 50%
Magic:  4/7        EV: 12    Int: 14 (15) God:
Gold:   41         SH:  0    Dex: 12 (13) Spells: 6/7 levels left

rFire    . . .     SeeInvis .   b - 16 stones
rCold    . . .     Gourm    .   (no shield)
rNeg     . . .     Faith    .   c - +0 robe
rPois    .         Spirit   .   (no helmet)
rElec    .         Reflect  .   (no cloak)
rCorr    .         Harm     .   (no gloves)
MR       .....                  (no boots)
Stlth    ++........             (no amulet)
Regen    0.2/turn               (no ring)
MPRegen  0.1/turn               (no ring)

@: can't hop, slow
A: +LOS, swims, slowness 1, strong legs 1
a: Hop


You were on level 2 of the Dungeon.
You were not hungry.

You visited 1 branch of the dungeon, and saw 3 of its levels.

You collected 41 gold pieces.

Inventory:

Hand Weapons
 k - a +0 spear
Missiles
 b - 16 stones (in hand)
Armour
 a - a +0 shield
 c - a +0 robe (worn)
Scrolls
 n - a scroll of amnesia {unknown}
 p - a scroll of recharging {unknown}
 q - a scroll of noise {unknown}
Potions
 h - a potion of brilliance {unknown}
 i - a potion of curing {unknown}
Books
 e - a book of Geomancy

   Spells                             Type                      Level
   a - Sandblast                      Earth                        1
   b - Passwall                       Transmutation/Earth          2
   c - Stone Arrow                    Conjuration/Earth            3
   d - Petrify                        Transmutation/Earth          4
   e - Lee's Rapid Deconstruction     Earth                        5
Comestibles
 d - 2 bread rations
 f - a meat ration
 g - 2 royal jellies
 l - 2 chunks of flesh
 m - a fruit


   Skills:
 + Level 3.7 Fighting
 + Level 1.9 Armour
 - Level 2.2 Dodging
 - Level 2.0 Stealth
 + Level 0.2 Shields
 - Level 2.3 Spellcasting
   Level 1.1 Transmutations
 - Level 3.0 Earth Magic


You had 6 spell levels left.
You knew the following spells:

 Your Spells              Type           Power        Failure   Level  Hunger
a - Sandblast             Erth           ##....       7%          1    #......


Dungeon Overview and Level Annotations

Branches:
Dungeon (3/15)

Altars:


Innate Abilities, Weirdness & Mutations

Shadows flee at your approach. (+LOS)
You can swim through water.
You cover ground slowly.
You can hop short distances.


Message History

The blast of sand hits the orc priest.
The orc priest is moderately wounded.
b - 16 stones The leopard gecko closely misses you.
The orc hits you with a short sword. The orc barely misses you.
The orc priest hits you with a hand axe.
* * * LOW HITPOINT WARNING * * *
The leopard gecko bites you.
* * * LOW HITPOINT WARNING * * *
Okay, then.
Your legs are too worn out to hop.
Really attack while wielding your 16 stones?
Okay, then.
It was a potion of degeneration.
There was something very wrong with that liquid.
You feel weakened.
You feel dopey.
You feel clumsy. The orc hits you with a short sword.
* * * LOW HITPOINT WARNING * * *
The orc hits you.
You die...

###........#.#####......###
##.......#.......####.##.
#>......#.#####.####.##.
###.##.#..# #....#.#.. #...#...##
####.#..<. #...)...# #......
#...#.#.# ##..#.#. #####.ol#
#....... #.@## #..)...) #oo#
##....... #..# ###........ ####
##...####### ###########
########.)### #...#
..........#####..........# #...#
..............#..........####...#
..........#.....................#
###############..................


You could see an orc priest, 2 orcs and a leopard gecko.

Vanquished Creatures
  2 adders (D:2)
  An ooze (D:1)
  A worm (D:2)
  2 dart slugs (D:1)
  A leopard gecko (D:1)
  2 giant cockroaches
  7 goblins
  5 hobgoblins
  3 jackals (D:1)
  11 bats
  4 frilled lizards
  8 kobolds
  8 rats
55 creatures vanquished.

Notes
Turn   | Place    | Note
-------+----------+-------------------------------------------
     0 | D:1      | Blomdor the Barachi Earth Elementalist began the quest for the Orb.
     0 | D:1      | Reached XP level 1. HP: 13/13 MP: 3/3
   257 | D:1      | Reached skill level 1 in Fighting
   257 | D:1      | Reached XP level 2. HP: 21/21 MP: 1/5
   845 | D:1      | Reached XP level 3. HP: 25/28 MP: 4/6
  1453 | D:2      | Reached skill level 1 in Armour
  1453 | D:2      | Reached XP level 4. HP: 35/35 MP: 3/7
  2086 | D:2      | Slain by an orc

Skill      XL: |  1  2  3 |
---------------+----------+-----
Stealth        | 2 |  2.0
Fighting       | 1 2 3 |  3.7
Armour         | 1 |  1.9
Dodging        | |  2.2
Shields        | |  0.2
Spellcasting   | |  2.3
Transmutations | |  1.1
Earth Magic    | |  3.0

Action                   |  1- 3 |  4- 6 || total
-------------------------+-------+-------++-------
Melee: Dagger            |    69 |    19 ||    88
       Unarmed           |    14 |       ||    14
       Spear             |       |    15 ||    15
       Short sword       |       |     2 ||     2
 Cast: Sandblast         |    51 |    16 ||    67
 Abil: Hop               |       |     1 ||     1
  Use: Scroll            |       |     2 ||     2
       Potion            |       |     1 ||     1
 Stab: Sleeping          |     1 |       ||     1
  Eat: Chunk             |     3 |     2 ||     5
Armor: Robe              |    35 |    12 ||    47
Dodge: Dodged            |    95 |    34 ||   129
